 Dungeon Crawl Stone Soup version 0.21.0-3-g78d12a8 (webtiles) character file.

5090 negitausen the Cleaver (level 10, -4/93 HPs)
             Began as a Minotaur Berserker on Jan 13, 2018.
             Was a High Priest of Trog.
             Killed by divine providence
             ... invoked by an orc priest
              (15 damage)
             ... on level 10 of the Dungeon.
             The game lasted 01:03:13 (6778 turns).

negitausen the Cleaver (Minotaur Berserker)         Turns: 6778, Time: 01:03:18

Health: -4/93      AC: 14    Str: 29    XL:     10   Next: 32%
Magic:  9/9        EV:  9    Int:  4    God:    Trog [*****.]
Gold:   186        SH:  5    Dex: 10    Spells: 9/9 levels left

rFire    . . .     SeeInvis .   J - +9 sword of Zonguldrok {reap}
rCold    . . .     Gourm    .   (no shield)
rNeg     + . .     Faith    .   l - +0 plate armour
rPois    .         Spirit   .   (helmet restricted)
rElec    .         Reflect  +   (no cloak)
rCorr    .         Harm     .   (no gloves)
MR       ++...                  r - +0 pair of boots {run}
Stlth    ..........             t - +5 amulet of reflection
HPRegen  1.25/turn              k - ring of positive energy
MPRegen  0.11/turn              u - +4 ring of strength

@: regenerating, quick
A: retaliatory headbutt, horns 2
a: Berserk, Trog's Hand, Brothers in Arms, Burn Spellbooks, Renounce Religion


You were on level 10 of the Dungeon.
You worshipped Trog.
Trog was extremely pleased with you.
You were not hungry.

You visited 2 branches of the dungeon, and saw 11 of its levels.
You also visited: Sewer.

You collected 342 gold pieces.
You spent 156 gold pieces at shops.

Inventory:

Hand Weapons
 a - a +0 hand axe
 p - a +1 dagger of speed
 s - a +2 morningstar of holy wrath
 B - a +2 hand axe of flaming
 C - a +0 shortbow
 F - a +0 war axe
 I - a +0 hunting sling
 J - the +9 sword of Zonguldrok (weapon) {reap}
   (You found it on level 8 of the Dungeon)

   If a monster killed with it leaves a corpse in good enough shape, the corpse
   will be animated as a zombie friendly to the killer.
 K - a +1 flail of protection
 Q - a +0 war axe of flaming
Missiles
 q - 2 throwing nets
 v - 5 tomahawks (quivered)
 x - 80 stones
 y - 11 poisoned needles
 A - 64 sling bullets
 D - 81 arrows
 N - 8 steel tomahawks
Armour
 b - a +0 animal skin
 d - a +1 scale mail
 g - a +0 ring mail
 i - a +0 scale mail
 l - a +0 plate armour (worn)
 r - a +0 pair of boots of running (worn)
 G - a cursed +0 pair of gloves
 O - a +0 plate armour
Magical Staves
 E - an uncursed staff of poison
Jewellery
 k - a ring of positive energy (left hand)
 t - a +5 amulet of reflection (around neck)
 u - a +4 ring of strength (right hand)
 H - a +3 amulet of reflection
Wands
 j - a wand of flame (32)
 w - a wand of iceblast (12)
 z - a wand of random effects (21)
Scrolls
 e - 5 scrolls of remove curse
 f - a scroll of identify
 m - 5 scrolls of teleportation
 M - 3 scrolls of amnesia
 P - a scroll of enchant weapon {unknown}
Potions
 h - 3 potions of curing
 n - a potion of heal wounds
 o - 3 potions of degeneration
 L - a potion of brilliance
Comestibles
 c - 18 rations


   Skills:
 * Level 9.8 Fighting
 * Level 9.6 Long Blades
 - Level 10.1 Axes
 + Level 1.2 Throwing
 + Level 7.7 Armour
 + Level 3.9 Dodging
 + Level 0.4 Stealth


You had 9 spell levels left.
You didn't know any spells.

Dungeon Overview and Level Annotations

Branches:
Dungeon (10/15)            Temple (1/1) D:5            Lair (0/6) D:8
    Orc: D:9-12

Altars:
Ashenzari
Cheibriados
Dithmenos
Elyvilon
Fedhas
Gozag
Hepliaklqana
Kikubaaqudgha
Makhleb
Nemelex Xobeh
Okawaru
Qazlal
Ru
Sif Muna
Trog
Uskayaw
Vehumet
Wu Jian
Xom
Yredelemnul
Zin
The Shining One
Beogh

Shops:
D:9 (   D:10 [

Annotations:
D:10 Joseph


Innate Abilities, Weirdness & Mutations

You reflexively headbutt those who attack you in melee.
You have a pair of horns on your head.


Message History

The orc barely misses you.
You closely miss the orc warrior. Your headbutt misses the orc warrior.
The orc warrior is almost dead.
The orc warrior hits you with a long sword!
* * * LOW HITPOINT WARNING * * *
The orc hits you with a flail.
* * * LOW HITPOINT WARNING * * *
Press: ? - help, v - describe, . - travel The floor.
You slice the orc warrior!!
You kill the orc warrior!
Trog accepts your kill. The orc hits you but does no damage.
You slash the orc!
You kill the orc!
Trog accepts your kill.
An orc priest comes into view.
It is wielding a hand axe of electrocution.
The orc priest mumbles some strange prayers to Beogh against you.
Beogh smites you!
You die...

#........#......#
#....)...###..###
#........# #.##
###........# #.#
#..............#
#...).........#
#...###'##....#
#...###.# #####
#.@).#### #))).#
#....8..
#....'....
#....8..⌠.
#....#....
#....#.... #...o#
._.


You could see an orc priest.

Vanquished Creatures
  Harold (D:10)
  A two-headed ogre (D:9)
  A komodo dragon (D:8)
  Prince Ribbit (D:7)
  An ice beast (D:2)
  6 orc warriors
  A black bear (D:8)
  5 ogres
  A necrophage (D:8)
  4 centaurs (D:7)
  A big kobold (D:9)
  7 bullfrogs
  3 scorpions
  A water moccasin skeleton (D:7)
  3 crimson imps
  3 jellies
  2 hounds
  5 orc priests
  4 orc wizards
  A bullfrog skeleton (D:9)
  A centaur skeleton (D:9)
  An iguana (D:9)
  4 worker ants
  A killer bee zombie (D:8)
  A hound zombie (D:7)
  7 gnolls
  12 adders
  2 shadow imps
  2 oozes
  4 worms
  2 dart slugs
  5 leopard geckos
  33 orcs
  2 bats
  5 giant cockroaches
  6 hobgoblins
  4 jackals (D:10)
  8 kobolds
  5 quokkas
  4 ball pythons (Sewer)
  7 frilled lizards
  6 goblins
  A jackal skeleton (D:4)
  A leopard gecko skeleton (D:7)
  9 rats
  5 plants (D:8)
190 creatures vanquished.

Vanquished Creatures (collateral kills)
  An orc warrior (D:10)
  A crimson imp (D:9)
  An orc wizard (D:10)
  An orc priest (D:10)
  4 orcs
8 creatures vanquished.

Vanquished Creatures (others)
  A plant (D:8)
  4 toadstools (D:1)
5 creatures vanquished.

Grand Total: 203 creatures vanquished

Notes
Turn   | Place    | Note
-------+----------+-------------------------------------------
     0 | D:1      | negitausen the Minotaur Berserker began the quest for the Orb.
     0 | D:1      | Reached XP level 1. HP: 19/19 MP: 0/0
   285 | D:1      | Reached XP level 2. HP: 27/27 MP: 1/1
   287 | D:1      | Reached skill level 4 in Axes
   597 | D:2      | Noticed an ice beast
   606 | D:2      | Reached XP level 3. HP: 29/33 MP: 2/2
   614 | D:2      | Killed an ice beast
   614 | D:2      | Reached skill level 5 in Axes
   614 | D:2      | Reached XP level 4. HP: 13/41 MP: 3/3
   675 | D:2      | Reached XP level 5. HP: 15/47 MP: 4/4
  1069 | D:2      | Reached ** piety under Trog
  1123 | D:3      | Found a glowing drain.
  1132 | Sewer    | Entered a sewer
  1287 | Sewer    | Reached skill level 6 in Axes
  1300 | Sewer    | Reached skill level 5 in Fighting
  1307 | Sewer    | Reached XP level 6. HP: 13/56 MP: 5/5
  1829 | D:3      | Found an iron altar of Okawaru.
  1832 | D:3      | Found a radiant altar of Vehumet.
  1833 | D:3      | Found a stormy altar of Qazlal.
  1834 | D:3      | Found an ancient bone altar of Kikubaaqudgha.
  1834 | D:3      | Found a sparkling altar of Nemelex Xobeh.
  2065 | D:4      | Found a shadowy altar of Dithmenos.
  2220 | D:4      | Reached *** piety under Trog
  2324 | D:4      | Noticed a moth of wrath
  2327 | D:4      | Found a bloodstained altar of Trog.
  2615 | D:4      | Reached skill level 7 in Axes
  2623 | D:4      | Reached XP level 7. HP: 45/61 MP: 6/6
  2780 | D:5      | Entered Level 5 of the Dungeon
  2817 | D:5      | Identified a +0 pair of boots of running (You found it on level 5 of the Dungeon)
  2941 | D:5      | You fall through a shaft for 3 floors!
  3009 | D:7      | Reached skill level 5 in Armour
  3144 | D:5      | Reached skill level 8 in Axes
  3241 | D:5      | Found an opulent altar of Gozag.
  3259 | D:5      | Found a staircase to the Ecumenical Temple.
  3589 | Temple   | Entered the Ecumenical Temple
  3730 | D:6      | Found a blossoming altar of Fedhas.
  3730 | D:6      | Found a shattered altar of Ashenzari.
  3735 | D:6      | Found a burning altar of Makhleb.
  3742 | D:6      | Found a basalt altar of Yredelemnul.
  3744 | D:6      | Found a sacrificial altar of Ru.
  4534 | D:7      | Reached XP level 8. HP: 65/70 MP: 7/7
  4600 | D:7      | Reached skill level 9 in Axes
  4601 | D:7      | Reached **** piety under Trog
  4687 | D:7      | Noticed Prince Ribbit
  4697 | D:7      | Killed Prince Ribbit
  5218 | D:8      | Reached skill level 10 in Axes
  5531 | D:8      | Found the +9 sword of Zonguldrok {reap}
  5622 | D:8      | Reached XP level 9. HP: 73/81 MP: 8/8
  5642 | D:8      | Reached skill level 1 in Long Blades
  5806 | D:8      | Noticed a komodo dragon
  5808 | D:8      | Found a staircase to the Lair.
  5842 | D:8      | Killed a komodo dragon
  6027 | D:9      | Received a gift from Trog
  6112 | D:9      | Noticed a two-headed ogre
  6143 | D:9      | Reached skill level 5 in Long Blades
  6160 | D:9      | Killed a two-headed ogre
  6289 | D:9      | Found Nadoaz's Antique Weapon Shoppe.
  6293 | D:9      | Bought a runed war axe for 156 gold pieces
  6499 | D:10     | Entered Level 10 of the Dungeon
  6532 | D:10     | Found Puno's Armour Shoppe.
  6602 | D:10     | Noticed Joseph
  6662 | D:10     | Reached ***** piety under Trog
  6672 | D:10     | Noticed Harold
  6672 | D:10     | Reached XP level 10. HP: 72/91 MP: 9/9
  6688 | D:10     | Killed Harold
  6688 | D:10     | Reached skill level 1 in Throwing
  6753 | D:10     | Found a roughly hewn altar of Beogh.
  6778 | D:10     | Killed from afar by an orc priest

Skill      XL: |  1  2  3  4  5  6  7  8  9 10 |
---------------+-------------------------------+-----
Axes           | 4 5 6 7 8 10 | 10.1
Fighting       | 4 5 8 9 |  9.8
Armour         | 3 4 5 7 |  7.7
Dodging        | 3 |  3.9
Long Blades    | 7 9 |  9.6
Throwing       | 1 |  1.2
Stealth        | |  0.4

Action                   |  1- 3 |  4- 6 |  7- 9 | 10-12 || total
-------------------------+-------+-------+-------+-------++-------
Melee: Hand axe          |    47 |   162 |   132 |       ||   341
       Headbutt          |     4 |    29 |    51 |     9 ||    93
       War axe           |       |       |    24 |       ||    24
       Double sword      |       |       |    91 |    39 ||   130
Throw: Tomahawk          |       |       |    14 |       ||    14
Invok: Berserk           |     1 |       |     1 |       ||     2
       Burn Spellbooks   |       |       |     4 |       ||     4
       Trog's Hand       |       |       |     1 |     1 ||     2
  Use: Scroll            |     4 |     4 |    13 |       ||    21
       Potion            |     3 |     4 |     4 |       ||    11
 Stab: Distracted        |       |       |       |     1 ||     1
  Eat: Chunk             |       |     6 |     5 |       ||    11
       Ration            |       |       |     3 |       ||     3
Armor: Scale mail        |    17 |    34 |       |       ||    51
       Plate armour      |       |    33 |    92 |    17 ||   142
Dodge: Dodged            |    22 |    73 |    63 |    16 ||   174
Block: Other             |       |       |    30 |    10 ||    40
       Reflection        |       |       |     3 |       ||     3
       Rpst.: Double sword |       |       |     8 |     3 ||    11
